Cogmind - Beta 15 @@@ ROGUE MODE // 2025.06.08 @ 16:00:41 Player: kckn2077 Result: Destroyed by G-47 Trooper with Particle Gun Performance ------------- Evolutions (2) 1000 Regions Visited (4) 800 Robots Destroyed (61) 305 Value Destroyed (1346) 1346 Prototype IDs (4) 80 Alien Tech Used (0) 0 Bonus (32) 32 TOTAL SCORE: 3563 Bonus ------- Follower Combat Kills 32 Cogmind --------- Core Integrity 0/550 Matter 141/300 Energy 214/240 System Corruption 0% Temperature Cool (10) Movement Walking (125) Location -8/Materials Parts ------- > --- POWER (2) -------- Nuclear Core > --- PROPULSION (2) --- Aluminum Leg Titanium Leg > --- UTILITY (4) ------ Visual Processing Unit Sensor Array > --- WEAPON (3) ------- Heavy Particle Cannon Mining Laser > --- INVENTORY (5) ---- Aluminum Leg Peak State ------------ > --- POWER ------------ Improved Ion Engine Heavy Ion Engine > --- PROPULSION ------- Titanium Leg Titanium Leg > --- UTILITY ---------- Visual Processing Unit Sensor Array Hardened Medium Armor Plating Reactive Plating > --- WEAPON ----------- Advanced Beam Rifle Advanced Beam Rifle Minigun > --- INVENTORY -------- Light Ion Engine Titanium Leg Rocket Launcher Mining Laser Heavy Flail [Rating: 32] Favorites ----------- Power Improved Ion Engine Engine Improved Ion Engine Power Core Light Nuclear Core Propulsion Titanium Leg Treads Light Treads Leg Titanium Leg Hover Unit Hover Unit Flight Unit Flight Unit Utility Sensor Array Device Sensor Array Storage Large Matter Pod Processor Visual Processing Unit Protection Reactive Plating Weapon Mining Laser Energy Gun EM Shotgun Energy Cannon Heavy Particle Cannon Ballistic Gun Assault Rifle Launcher Rocket Launcher Special Weapon Mining Laser Impact Weapon Heavy Flail Special Melee Weapon Datajack Build | -11 -10 -10 -9 -8 ------- Run | Yrd Mat Min Mat Mat Slots Evolved 4 | . . . 2 2 Power 1 | . . . . 1 Propulsion . | . . . . . Utility 2 | . . . 1 1 Weapon 1 | . . . 1 . Parts Attached 54 | 5 12 7 18 12 Power 8 | 1 1 . 3 3 Engine 6 | 1 1 . 3 1 Core 2 | . . . . 2 Reactor . | . . . . . Propulsion 13 | 2 3 2 5 1 Treads 1 | . . . 1 . Leg 9 | 2 . 2 4 1 Wheel . | . . . . . Hover 2 | . 2 . . . Flight 1 | . 1 . . . Utility 11 | . 4 3 3 1 Device 5 | . 3 2 . . Storage 1 | . . . . 1 Processor 1 | . . . 1 . Hackware . | . . . . . Protection 4 | . 1 1 2 . Artifact . | . . . . . Weapon 22 | 2 4 2 7 7 Energy Gun 7 | . 2 . 1 4 Energy Cannon 3 | . . . . 3 Ballistic Gun 3 | 2 . . 1 . Ballistic Cannon . | . . . . . Launcher 1 | . . . 1 . Special Weapon 4 | . 2 . 2 . Impact Weapon 3 | . . 1 2 . Slashing Weapon . | . . . . . Piercing Weapon . | . . . . . Special Melee Weapon 1 | . . 1 . . Unidentified Prototypes 1 | . . . . 1 Parts Lost 22 | . 5 . 5 12 Power 3 | . . . 1 2 Propulsion 2 | . 2 . . . Utility 5 | . 1 . 1 3 Weapon 12 | . 2 . 3 7 Highest Loss Streak 8 | . 5 . 2 8 To Critical Strikes 1 | . . . 1 . Average Backups 4 | 1 4 4 4 4 Power 1 | . 1 1 1 . Propulsion . | . . . . 1 Utility . | . . . . . Weapon 2 | 1 2 3 1 2 Tool/Special . | . . . . . Unused Backups 7 | . 1 2 3 1 Power 1 | . . . 1 . Propulsion 1 | . . . . 1 Utility 1 | . . . 1 . Weapon 4 | . 1 2 1 . Tool/Special . | . . . . . Average Slot Usage (%) 95 | . 92 94 97 92 Engine 11 | . 14 14 10 10 Leg 17 | . 17 12 20 18 Hover 2 | . 5 10 . . Device 13 | . 13 22 11 8 Processor 3 | . . . 4 9 Protection 13 | . 10 4 17 13 Energy Gun 2 | . . . 3 3 Ballistic Gun 10 | . 24 6 9 3 Special Weapon 7 | . 2 14 7 6 Impact Weapon 6 | . . 4 10 5 Peak Build Rating 32 | 5 8 14 25 32 Average Rating 17 | 3 6 9 22 25 On Entrance 10 | . 5 8 14 24 Naked Turns . | . . . . . Heaviest Build 44 | 7 11 20 35 44 Greatest Support 34 | 20 20 21 34 34 Greatest Overweight (x) 3 | . 3 1 1 1 Average Overweight (x) . | . . . . . Largest Inventory Capacity 5 | 5 5 5 5 5 Average Capacity 5 | 5 5 5 5 5 Most Carried 5 | 3 5 5 5 5 Average Carried 4 | 1 4 4 4 4 Final Capacity 5 | 5 5 5 5 5 Final Carried 5 | 2 5 5 5 1 Class Distribution -------------------- 97% | Mutant Dominant Class ---------------- Mutant | -10/Materials Mutant | -10/Mines Mutant | -9/Materials Mutant | -8/Materials Resources | -11 -10 -10 -9 -8 ----------- Run | Yrd Mat Min Mat Mat Matter Collected 1485 | 274 76 184 752 199 Remotely . | . . . . . Salvage Created 1702 | 33 177 . 818 674 Parts 107 | 1 18 . 59 29 Haulers Intercepted 3 | . . . 2 1 Recyclers Shooed 1 | . . . . 1 Parts Field Recycled . | . . . . . Retrieved Matter . | . . . . . Parts Self-Destructed . | . . . . . Prevented . | . . . . . Kills | -11 -10 -10 -9 -8 ------- Run | Yrd Mat Min Mat Mat Combat Hostiles Destroyed 45 | 1 9 . 22 13 Melee 3 | . . . 1 2 Guns 22 | 1 7 . 11 3 Cannons 4 | . . . 2 2 AOE 14 | . 2 . 7 5 Classes Destroyed 10 | 1 2 . 4 3 Worker 2 | . . . . 2 Builder 3 | . . . 2 1 Tunneler 1 | . . . 1 . Hauler 3 | . . . 2 1 Recycler 3 | . . . . 3 Mechanic 1 | . . . . 1 Watcher 3 | . 1 . 2 . Swarmer 23 | . 6 . 11 6 Grunt 14 | 1 3 . 4 6 Sentry 8 | . . . 7 1 Best Kill Streak 13 | 1 6 . 6 13 Combat Bots Only 7 | 1 6 . 5 7 Max Kills in Single Turn 5 | 1 2 . 3 5 Gunslinging . | . . . . . Exploded 3 | . 2 . 3 2 Melee 1 | . . . 1 1 Uniques/NPCs Destroyed . | . . . . . Combat | -11 -10 -10 -9 -8 -------- Run | Yrd Mat Min Mat Mat Hostile Shots Fired 330 | 6 55 . 120 149 Missed 86 | 2 13 . 35 36 Hits 244 | 4 42 . 85 113 Melee 4 | . . . 4 . Projectile 240 | 4 42 . 81 113 Critical Strikes 7 | . . . 4 3 Damage Taken 3684 | 42 634 . 1066 1942 Core 830 | 21 150 . 102 557 Absorbed by Shields . | . . . . . Redirected to Shielding 38 | . 38 . . . Ignored by Resistances 158 | . . . 124 34 Regen/Repaired (Parts) 223 | . . . 223 . Core Remaining (%) 65 | 91 . 31 74 . Volleys Fired 178 | 4 36 6 95 37 Largest 3 | 2 2 1 3 3 Hottest 225 | 40 100 100 100 225 Shots Fired 254 | 8 56 6 126 58 Gun 153 | 8 40 . 76 29 Cannon 12 | . . . . 12 Launcher 6 | . . . 4 2 Special 83 | . 16 6 46 15 Kinetic 89 | 8 34 . 39 8 Thermal 111 | . 16 6 46 43 Explosive 6 | . . . 4 2 Electromagnetic 48 | . 6 . 37 5 Robot Hit Streak 18 | 4 9 . 18 9 Robot Miss Streak 5 | 1 3 . 4 5 Penetration Max . | . . . . . Secondary Targets 6 | . 4 . 1 1 Max Gunslinging Chain 1 | . 1 . 1 1 Shots Hit Robots 127 | 5 25 2 60 35 Core Hits 71 | 2 10 . 33 26 Critical Kills . | . . . . . Critical Parts Destroyed 7 | . . . 4 3 Critical Strikes 8 | . . . 4 4 Burn 1 | . . . . 1 Destroy 2 | . . . 2 . Smash 5 | . . . 2 3 Melee Attacks 37 | . . 2 21 14 Impact 35 | . . . 21 14 Slashing . | . . . . . Piercing . | . . . . . Sneak Attacks 9 | . . 2 3 4 Combat Hostiles . | . . . . . Follow-up Attacks . | . . . . . Damage Inflicted 4795 | 69 604 . 2227 1895 Guns 1486 | 69 291 . 709 417 Cannons 125 | . . . . 125 Explosions 1504 | . 287 . 572 645 Melee 1534 | . . . 874 660 Ramming 2 | . 2 . . . Kinetic 873 | 69 266 . 399 139 Thermal 1195 | . 311 . 136 748 Explosive 818 | . . . 508 310 Electromagnetic 373 | . 25 . 310 38 Impact 1534 | . . . 874 660 Slashing . | . . . . . Piercing . | . . . . . Highest Corruption 1 | . . . 1 . Average Corruption 1 | . . . 1 . Corruption Purged . | . . . . . Corruption Blocked . | . . . . . Effects 17 | . . . 17 . Message Errors 2 | . . . 2 . Matter Fused 9 | . . . 9 . Heat Flow Errors 1 | . . . 1 . Energy Discharges 3 | . . . 3 . Data Loss (minor) 2 | . . . 2 . Overload Shots . | . . . . . Overflow Damage 873 | . 233 . 205 435 Projectiles . | . . . . . Explosions 355 | . 233 . 37 85 Melee 518 | . . . 168 350 Knockbacks 2 | . . . 1 1 Impact 2 | . . . 1 1 Kinetic . | . . . . . Secondary . | . . . . . Self-Inflicted Damage 415 | . 224 . 84 107 Shots 7 | . 2 . 2 3 Rammed . | . . . . . Targets Rammed 1 | . 1 . . . Kicked 1 | . 1 . . . Crushed . | . . . . . Highest Temperature 813 | . 138 72 300 813 Average Temperature 111 | . 45 29 69 206 Received Heat Transfer 1323 | 24 126 . 291 882 Effects 52 | . . . 5 47 Shutdowns 9 | . . . . 9 Energy Bleed 6 | . . . 3 3 Interference 7 | . . . 2 5 Matter Decay 2 | . . . . 2 Short Circuit 7 | . . . . 7 Damage (minor) 2 | . . . . 2 Damage (major) 16 | . . . . 16 Damage (core) 3 | . . . . 3 Siege Activations . | . . . . . Martial Activations . | . . . . . Shielding Activations . | . . . . . Robots Disrupted . | . . . . . Combat Hostiles . | . . . . . Robots Corrupted 4 | . . . 2 2 Combat Hostiles 2 | . . . 1 1 Parts Fried 7 | . . . 2 5 Impact Corruptions 16 | . . . 6 10 Robots Melted . | . . . . . Combat Hostiles . | . . . . . Parts Melted . | . . . . . Heat Transferred 1503 | . 200 . 250 1053 Parts Sabotaged . | . . . . . Parts Stolen . | . . . . . Parts Stripped . | . . . . . Power Chain Reactions 2 | . . . 2 . Alert | -11 -10 -10 -9 -8 ------- Run | Yrd Mat Min Mat Mat Maximum Alert Level 1 | . . . 1 1 Low Security (%) 67 | 100 100 100 39 65 Level 1 32 | . . . 60 34 Level 2 . | . . . . . Level 3 . | . . . . . Level 4 . | . . . . . Level 5 . | . . . . . High Security . | . . . . . Max Security . | . . . . . Peak Influence 298 | 20 150 73 298 279 Initial 121 | . 6 48 . 121 Average 117 | 2 50 11 187 149 Influence Increases 1875 | 20 425 79 862 489 Destroy 0b10 Robot/C 980 | 20 180 60 460 260 Destroy 0b10 Robot/NC 80 | . 5 . 35 40 Destroy Leader 232 | . 32 10 138 52 Allied During Kill 7 | . . 3 4 . Successful Hack 30 | . 13 . 17 . Disable Machine 135 | . 45 . 60 30 Destroy Structure 201 | . 45 6 88 62 Lose Combat Pursuer 210 | . 105 . 60 45 Influence Decreases 1735 | 10 309 205 573 638 Entered New Map 250 | . 4 78 . 168 Time Decay 1229 | 10 255 127 487 350 Lost Part 220 | . 50 . 50 120 Lost Ally 36 | . . . 36 . Squads Dispatched 11 | . 2 1 3 5 Investigation 5 | . 2 1 2 . Extermination . | . . . . . Reinforcement 3 | . . . 1 2 Assault . | . . . . . Garrison 3 | . . . . 3 Intercept . | . . . . . Searches Triggered . | . . . . . Construction Impeded 1 | . . . . 1 Haulers Reinforced . | . . . . . Active Scanning Responses . | . . . . . Cargo Convoy Interrupts . | . . . . . Stealth | -11 -10 -10 -9 -8 --------- Run | Yrd Mat Min Mat Mat Distress Signals 5 | . . . 3 2 Communications Jammed . | . . . . . Distress Signals . | . . . . . Times Spotted 90 | 1 28 . 37 24 Peak Tracking Total 6 | 1 5 . 6 5 Tactical Retreats 9 | . 3 . 4 2 Traps | -11 -10 -10 -9 -8 ------- Run | Yrd Mat Min Mat Mat Traps Triggered 2 | . . . 2 . Indirectly . | . . . . . Trap Hack Attempts . | . . . . . Triggered . | . . . . . Disarmed . | . . . . . Reprogrammed . | . . . . . Reused . | . . . . . Traps Extracted . | . . . . . Installed . | . . . . . Triggered . | . . . . . Machines | -11 -10 -10 -9 -8 ---------- Run | Yrd Mat Min Mat Mat Machines Disabled 9 | . 3 . 4 2 Max in Single Turn 3 | . 3 . 1 2 Machines Repaired . | . . . . . Machines Dismantled . | . . . . . Machines Sabotaged . | . . . . . Overloaded Fab Kills . | . . . . . Hacking | -11 -10 -10 -9 -8 --------- Run | Yrd Mat Min Mat Mat Machines Accessed 10 | . 3 1 4 2 Terminals 6 | . 3 . 1 2 Fabricators . | . . . . . Repair Stations 1 | . . . 1 . Recycling Units 1 | . . . 1 . Scanalyzers 1 | . . . 1 . Garrison Access . | . . . . . Total Hacks 23 | . 9 1 11 2 Successful 17 | . 7 1 8 1 Failed 6 | . 2 . 3 1 Catastrophic 1 | . . . 1 . Database Lockouts . | . . . . . Manual . | . . . . . Terminals 13 | . 9 . 2 2 Fabricators . | . . . . . Repair Stations 6 | . . . 6 . Recycling Units 1 | . . . 1 . Scanalyzers 2 | . . . 2 . Garrison Access . | . . . . . Terminal Hacks 10 | . 7 1 1 1 Record 5 | . 3 . 1 1 Robot Analysis 1 | . 1 . . . Prototype ID Bank 1 | . 1 . . . Open Door 1 | . . 1 . . Emergency Access Points 1 | . 1 . . . Zone Layout 1 | . 1 . . . Fabricator Hacks . | . . . . . Repair Station Hacks 5 | . . . 5 . Scan Component 3 | . . . 3 . Repair 2 | . . . 2 . Recycling Unit Hacks 1 | . . . 1 . Report Inventory 1 | . . . 1 . Scanalyzer 1 | . . . 1 . Insert Component 1 | . . . 1 . Garrison Access Hacks . | . . . . . Unauthorized Hacks . | . . . . . Terminals . | . . . . . Fabricators . | . . . . . Repair Stations . | . . . . . Recycling Units . | . . . . . Scanalyzers . | . . . . . Garrison Access . | . . . . . Data Cores Recovered . | . . . . . Used . | . . . . . Hacking Detections 5 | . 3 . 2 . Full Trace Events 3 | . 2 . 1 . Feedback Events . | . . . . . Feedback Blocked . | . . . . . Robot Schematics Acquired . | . . . . . Robots Built . | . . . . . Authchips . | . . . . . Time . | . . . . . Total Robot Build Rating . | . . . . . Part Schematics Acquired . | . . . . . Parts Built . | . . . . . Authchips . | . . . . . Time . | . . . . . Total Part Build Rating . | . . . . . Parts Repaired 2 | . . . 2 . Time 76 | . . . 76 . Parts Recycled . | . . . . . Recycled Matter . | . . . . . Retrieved Matter . | . . . . . Retrieved Components . | . . . . . Parts Scanalyzed . | . . . . . Part Schematics Acquired . | . . . . . Parts Damaged . | . . . . . Bothacking | -11 -10 -10 -9 -8 ------------ Run | Yrd Mat Min Mat Mat Used RIF Installer . | . . . . . Robots Hacked 1 | . . 1 . . Non-combat 1 | . . 1 . . Combat . | . . . . . Robot Hacks Applied 1 | . . 1 . . parse_system 1 | . . 1 . . Relay Couplers Released . | . . . . . Fabnet Peak Effective % . | . . . . . Robots Rewired . | . . . . . Allies Hacked . | . . . . . Hacks Repelled . | . . . . . Allies | -11 -10 -10 -9 -8 -------- Run | Yrd Mat Min Mat Mat Total Allies 2 | . . 2 . . Largest Group 2 | . . 2 2 . Highest-Rated Group 45 | . . 45 45 . Highest-Rated Ally 31 | . . 31 31 . Total Orders . | . . . . . Ally Attacks 18 | . . 4 14 . Total Damage 145 | . . 62 83 . Kills 4 | . . 3 1 . Allies Corrupted . | . . . . . Allies Melted . | . . . . . Intel | -11 -10 -10 -9 -8 ------- Run | Yrd Mat Min Mat Mat Active Infowar (turns) 3506 | . 771 829 1511 395 Optics 1151 | . . . 756 395 Sensors 2305 | . 463 765 824 253 Terrain 372 | . 308 64 . . Robot Analysis Total 1 | . 1 . . . Derelict Logs Recovered 1 | . . 1 . . Drone Launches . | . . . . . Drone Recoveries . | . . . . . Exploration | -11 -10 -10 -9 -8 ------------- Run | Yrd Mat Min Mat Mat Turns Passed 4721 | 124 914 843 2051 789 Spaces Moved 2600 | 88 545 743 929 295 Core 30 | 19 11 . . . Treads 47 | . . . 47 . Legs 1641 | 69 288 107 882 295 Wheels . | . . . . . Hover 814 | . 178 636 . . Flight 68 | . 68 . . . Fastest Speed 50 | 50 56 56 130 125 Average Speed 122 | 104 109 85 144 175 Slowest Speed 240 | 120 200 190 240 200 Overloaded Moves . | . . . . . Propulsion Burnouts . | . . . . . Robots Hopped . | . . . . . Potential Cave-ins 3 | . . . 3 . Cave-ins Triggered . | . . . . . Exploration Rate (%) 55 | 6 82 94 78 18 Regions Visited 4 Branch Regions 1 Pre-discovered Areas . | . . . . . Known Exits Taken . | . . . . . Unknown Exits Taken 4 | 1 1 1 1 . Scrap Searched 2 | . . 2 . . Spaces Dug 72 | . 13 6 41 12 Terrain Destroyed 205 | . 47 6 89 63 Melee . | . . . . . Projectile 81 | . 14 6 42 19 AOE 124 | . 33 . 47 44 Terrain Rammed . | . . . . . Walls Destroyed . | . . . . . Machines Disabled . | . . . . . Actions | -11 -10 -10 -9 -8 --------- Run | Yrd Mat Min Mat Mat Total 3671 | 111 773 938 1390 459 Wait 667 | 8 159 154 277 69 Move 2596 | 87 544 742 928 295 Hop . | . . . . . Pick Up 49 | 7 14 6 13 9 Fast Attach 16 | . . 7 6 3 Attach 30 | 5 7 1 9 8 Detach 1 | . . 1 . . Swap 58 | . 7 4 29 18 Drop 38 | . 5 15 12 6 Fire 178 | 4 36 6 95 37 Melee 37 | . . 2 21 14 Ram . | . . . . . Kick 1 | . 1 . . . Crush . | . . . . . Escape Stasis . | . . . . . Rewire . | . . . . . Trap . | . . . . . Miscellaneous . | . . . . . Route ------- -11/Scrapyard -10/Materials (discovered 2 exits: *Min x2) -10/Mines (discovered 3 exits: *Mat x2 / [*Sub]) -9/Materials (discovered 4 exits: *Mat x3 / [*Min]) -8/Materials History --------- Turn | Location | Event 2 | -11/Scrapyard | Met Revision 17 95 | -11/Scrapyard | Discovered new exit (range 8) 125 | -11/Scrapyard | Entered Materials 302 | -10/Materials | Build established: Mutant 555 | -10/Materials | Discovered new exit (range 12) 688 | -10/Materials | Core integrity fell below 50% 696 | -10/Materials | Discovered new exit (range 16) 718 | -10/Materials | Lost 5 parts (2n1u2w) 1039 | -10/Materials | Entered Mines 1246 | -10/Mines | Discovered new exit (range 5) 1323 | -10/Mines | Discovered new exit (range 13) 1332 | -10/Mines | Learned 2 Materials zone layouts 1384 | -10/Mines | Discovered new exit (range 14) 1450 | -10/Mines | Received a Rocket Launcher from a helpful Derelict 1579 | -10/Mines | Met a Derelict shopkeep closing up shop 1882 | -10/Mines | Entered Materials 1882 | -9/Materials | Accompanied by 2 allies 1882 | -9/Materials | Evolved 2 slots: Utility x1, Weapon x1 1887 | -9/Materials | Led the pair of lost Derelicts to an unsafe place 1997 | -9/Materials | Lost 3 allies 2527 | -9/Materials | Discovered new exit (range 16) 2962 | -9/Materials | Discovered new exit (range 6) 3224 | -9/Materials | Repaired Reactive Plating 3264 | -9/Materials | Repaired Minigun 3328 | -9/Materials | Discovered new exit (range 5) 3480 | -9/Materials | Discovered new exit (range 7) 3933 | -9/Materials | Entered another Materials area 3933 | -8/Materials | Evolved 2 slots: Power x1, Utility x1 4183 | -8/Materials | Garrison activated, responded to threat 4313 | -8/Materials | Destroyed 7 combat bots 4596 | -8/Materials | Core integrity fell below 50% 4612 | -8/Materials | Core integrity fell below 20% 4648 | -8/Materials | Lost 8 parts (2p1u5w) 4722 | -8/Materials | Destroyed by G-47 Trooper with Particle Gun Last Messages --------------- Hvy. Particle Cannon temporarily disabled. Overheating: Matter decay (-17). Hvy. Particle Cannon destroyed. Overheating: Broken Sensor Array damaged (-8). Overheating: Lrg. Matter Pod damaged (-9). Overheating: Adv. Beam Rifle damaged (-44). Overheating: Broken Titanium Leg damaged (-20). Broken Hvy. Particle Cannon destroyed. Overheating: Core damaged (-104). Adv. Beam Rifle destroyed. Processing Tank disabled. Acquired Nuclear Core. G-47 Trooper destroyed. Lrg. Matter Pod destroyed. K-01 Serf cleans the Processing Tank. Acquired Aluminum Leg. Dropped Broken Titanium Leg. K-01 Serf cleans the Processing Tank. W-25 Informer sends out distress signal. K-01 Serf cleans the Processing Tank. Map ----- +----------------------------------------------------+ | ????????????????????????????????????????????????? | | ????????????????????????????????????????????????? | | ????????????????????????????????????????????????? | | ????????????????????????????????????????????????? | | ????????????????????????????????????????????????? | | ????????????????????????????????????????????????? | | ????????????????????????????????????????????????? | | ????????????????????????????????????????????????? | | ????????????????????????????????????????????????? | | ????????????????????????????????????????????????? | | ????????????????????????????????????????????????? | | ????????????????????????????????????????????????? | | ????????????????????????????????????????????????? | | ????????????????????????????????????????????????? | | ????????????????????????????????????????????????? | | ????????????????????????????????????????????????? | | ????????????????????????????????????????????????# | | ????????????????????????????????????????????????# | | ????????????????????????????????????????????????? | | ????????????????????????????????????????????????? | | ?????????????????################################ | | ???????????????? | | ???????????????? % | | ???????????????? | | ??????????????????????#;######C### #####???#### | | ???????????????????????#@ g *# #??????????? | | ???????????????????????## """"" # #??????????? | | ????????????????????????# """"" # #?????????## | | ????????????????????????# """"" # #?????????# | | ????????????????????????# # #?????????# | | ????????????????????????# """"" # #?????????#= | | ??????????????????####### """""= " #?????????#= | | ??????????????????# + """""=!# #?????????# | | ?????????????????####"### %# #?????????# | | ?????????#########%###"########### #?????????# | | ?????????# # ########### #?????????# | | ?????????# """# #?????????# | | ?????????# """# #????????## | | ?????????# """# ##+######## ########### | | ?????????# """## ##?????????#% # """T""" # | | ?????????# = "## ##?????????# # # | | ?????????# ## ## ???????# # " | | ?????????# [ ## ## ?????# # ! ## | | ?????????# ## ## #### + #? | | ?????????######""## # + # """ """ #? | | ????????????#" T" # ############# """ """ #? | | ????????????## %[ " #?????????????# """ """ #? | | ?????#########"""## #?????????????###########? | | ?????#! [[!######????????????????????????? | | ?????# """ !*! "#????????????????????????????? | +----------------------------------------------------+ Best States ------------- Heat Dissipation 31 Energy Generation 21 Energy Capacity 445 Matter Stores 300 Matter Capacity 450 Sight Range 18 Robot Scan Range 14 Terrain Scan Range 14 Terrain Scan Density 10 Additional Mass Support 6 Armor Coverage 375 Resistance: KI 20 Utility Shielding 33 Evasion (%) 63 Recoil Reduction 1 Item Schematics ----------------- None Robot Schematics ------------------ None Fabricated ------------ Nothing Repaired ---------- Reactive Plating | 21% | -9/Materials Minigun | 34% | -9/Materials Alien Tech Used ----------------- None Achievements -------------- Deadly Force Troublemaker Challenges ------------ None Game ------ Seed ComponentAssembledShield Manual? 0 Play Time 01:24:40 Cumulative 1.3 hours Start 2025.06.08 @ 14:07:03 End 2025.06.08 @ 16:00:41 Sessions 1 Manual Loads 0 Difficulty Rogue Special Mode None Game No. 2 Rogue 2 Adventurer 0 Explorer 0 Win Type - Total 0 Types 0/0/0/0/0/0/0/0/0/0 Lore% 2 Gallery% 6 Achievement% 9 Wizard Run 0 Options --------- Layout 1 ASCII 0 Keyboard 0 Movement Mouse Keybinds 0 Fullscreen 1 Font 32/Smallcaps Map View 50x35 Zoom Use 0% Tactical HUD 0 Map Filters NONE Filters NONE Steam 1 RUN: 0d16a678-23b6-431c-9926-3b951e03e05a